 Dungeon Crawl Stone Soup version 0.30-a0-986-g7f2e898f52 (webtiles) character file.

Game seed: 9021036321065726946

54956 dolemite99 the Lord of Darkness (level 14, -12/105 HPs)
             Began as a Demonspawn Summoner on Apr 2, 2023.
             Was the Champion of Kikubaaqudgha.
             Mangled by a boulder beetle (39 damage)
             ... on level 12 of the Dungeon.
             The game lasted 00:57:31 (33408 turns).

dolemite99 the Lord of Darkness (DsSu)             Turns: 33408, Time: 00:57:32

Health: -12/105    AC: 20    Str:  9    XL:     14   Next: 36%
Magic:  4/24       EV: 11    Int: 27    God:    Kikubaaqudgha [******]
Gold:   1045       SH: 13    Dex: 14    Spells: 1/27 levels left

rFire   + . .      SeeInvis .    a - +4 rapier (pain)
rCold   . . .      Faith    +    Q - +2 kite shield
rNeg    . . .      Spirit   .    O - +0 troll leather armour
rPois   .          Reflect  .    q - +2 helmet
rElec   .          Rampage  .    m - +2 cloak
rCorr   .                        (gloves unavailable)
Will    .....                    c - +0 pair of boots
Stlth   ++                       p - amulet of faith
HPRegen 1.17/turn                H - +6 ring of intelligence
MPRegen 0.19/turn                R - ring of protection from fire

@: about to teleport, weak-willed, sanguine armoured, animating dead
A: claws 3, demonic guardian 1, spiny 3, sanguine armour 2
a: Renounce Religion, Unearth Wretches, Torment


You were on level 12 of the Dungeon.
You worshipped Kikubaaqudgha.
Kikubaaqudgha was exalted by your worship.
You visited 2 branches of the dungeon, and saw 17 of its levels.

You collected 1581 gold pieces.
You spent 536 gold pieces at shops.

Inventory:

Hand Weapons
 a - a +4 rapier of pain (weapon)
 r - a +5 whip of draining
 I - the +5 demon whip "Spellbinder" {antimagic, disrupt, Will+}
   (You found it on level 1 of the Lair of Beasts)

   Will:      It increases your willpower.
 N - the +6 shortbow "Reuptiopt" {speed, rC+ rCorr}
   (You took it off an orc on level 9 of the Dungeon)

   rC:        It protects you from cold.
   rCorr:     It protects you from acid and corrosion.
Missiles
 s - 3 boomerangs (quivered)
 U - 4 javelins
 Z - a throwing net
Armour
 c - a +0 pair of boots (worn)
 h - a +1 ring mail of fire resistance
 m - a +2 cloak (worn)
 q - a +2 helmet (worn)
 O - a +0 troll leather armour (worn)
 Q - a +2 kite shield (worn)
 V - a +2 scale mail of willpower
Magical Staves
 k - a staff of cold
 D - a staff of death
 M - a staff of earth
Jewellery
 j - a ring of see invisible
 p - an amulet of faith (around neck)
 x - an amulet of reflection
 B - a ring of ice
 F - the ring "Maeme" {Will- rCorr Str+2 Int+2 SInv}
   (You found it on level 5 of the Lair of Beasts)

   [ring of resist corrosion]

   Str:       It affects your strength (+2).
   Int:       It affects your intelligence (+2).
   SInv:      It lets you see invisible.
   rCorr:     It protects you from acid and corrosion.
   Will:      It decreases your willpower.
 H - a +6 ring of intelligence (left claw)
 L - a +6 ring of dexterity
 R - a ring of protection from fire (right claw)
 S - a ring of protection from fire
 T - a ring of resist corrosion
Wands
 d - a wand of light (4)
 y - a wand of paralysis (5)
 G - a wand of iceblast (5)
 K - a wand of digging (1)
 W - a wand of polymorph (2)
 X - a wand of flame (23)
Scrolls
 b - 2 scrolls of teleportation
 l - 4 scrolls of poison
 z - a scroll of brand weapon
 A - 4 scrolls of immolation
 J - 3 scrolls of blinking
Potions
 e - 3 potions of ambrosia
 f - a potion of might
 g - 3 potions of berserk rage
 i - 2 potions of cancellation {unknown}
 n - 3 potions of flight
 t - 3 potions of brilliance
 u - 3 potions of attraction
 v - 5 potions of curing
 w - 4 potions of resistance
 C - 3 potions of lignification {unknown}


   Skills:
 - Level 8.0 Fighting
 + Level 4.7 Short Blades
 - Level 3.2 Dodging
 - Level 1.7 Stealth
 - Level 9.7 Shields
 - Level 7.3 Spellcasting
 - Level 5.5 Hexes
 - Level 11.3 Summonings
 - Level 12.7 Necromancy
 - Level 7.0 Air Magic
 - Level 7.9 Poison Magic


You had one spell level left.
You knew the following spells:

 Your Spells              Type           Power      Damage    Failure   Level
a - Call Canine Familiar  Summ           63%        N/A       1%          3
b - Call Imp              Summ           63%        N/A       1%          2
c - Summon Guardian Gole  Hex/Summ       53%        N/A       1%          3
d - Summon Lightning Spi  Summ/Air       56%        N/A       4%          4
e - Animate Dead          Necr           68%        N/A       1%          4
f - Sublimation of Blood  Necr           68%        N/A       1%          2
g - Olgreb's Toxic Radia  Pois           51%        N/A       7%          4
h - Blink                 Tloc           18%        N/A       28%         2
z - Poisonous Vapours     Pois/Air       100%       N/A       1%          2

Your spell library contained the following spells:

 Spells                   Type           Power      Damage    Failure   Level
 Kiss of Death            Conj/Necr      100%       2d13      1%          1
 Necrotise                Necr           100%       1d9       1%          1
 Summon Small Mammal      Summ           100%       N/A       1%          1
 Sting                    Tmut/Pois      100%       1d8       3%          1
 Foxfire                  Conj/Fire      36%        2x1d3     19%         1
 Freeze                   Ice            36%        1d5       19%         1
 Magic Dart               Conj           36%        1d4       19%         1
 Cigotuvi's Dreadful Rot  Necr/Pois/Air  100%       N/A       1%          2
 Agony                    Necr           68%        N/A       2%          5
 Anguish                  Hex/Necr       28%        N/A       4%          4
 Mephitic Cloud           Conj/Pois/Air  36%        N/A       7%          3
 Dazzling Flash           Conj/Hex       48%        N/A       19%         3
 Lesser Beckoning         Tloc           18%        N/A       28%         2
 Momentum Strike          Conj/Tloc      18%        3d8       28%         2
 Wereblood                Tmut           9%         N/A       28%         2
 Borgnjor's Vile Clutch   Necr/Erth      22%        N/A       36%         5
 Frozen Ramparts          Ice            18%        1d3       50%         3
 Gell's Gravitas          Tloc           9%         N/A       50%         3
 Hailstorm                Conj/Ice       9%         3d4       50%         3
 Ozocubu's Armour         Ice            9%         N/A       50%         3
 Teleport Other           Tloc           9%         N/A       50%         3
 Summon Hydra             Summ           31%        N/A       83%         7
 Metabolic Englaciation   Hex/Ice        12%        N/A       86%         5
 Iskenderun's Mystic Bla  Conj/Tloc      9%         2d4       88%         4
 Freezing Cloud           Conj/Ice/Air   11%        6-21      89%         5
 Simulacrum               Ice/Necr       22%        N/A       90%         6
 Fireball                 Conj/Fire      4%         3d4       99%         5
 Starburst                Conj/Fire      4%         6d4       100%        6
 Polar Vortex             Ice            4%         N/A       100%        9


Dungeon Overview and Level Annotations

Branches:
Dungeon (12/15)            Temple (0/1) D:6            Lair (5/5) D:10
 Shoals (0/4) Lair:3       Spider (0/4) Lair:3        Slime (0/5) Lair:4
    Orc (0/2) D:10

Altars:
Ashenzari
Cheibriados
Dithmenos
Gozag
Kikubaaqudgha
Okawaru
Ru
Sif Muna
Trog
Uskayaw
Wu Jian
Xom
Yredelemnul

Shops:
D:7 *

Annotations:
Lair:1 5 runed translucent doors


Innate Abilities, Weirdness & Mutations

You have claws for hands.
A weak demonic guardian rushes to your aid.
You are completely covered in sharp spines.
When seriously injured, your blood forms thick armour. (AC +9)


Message History

The skeletal warrior is no longer blind.
The boulder beetle misses you.
Your centaur warrior zombie misses the skeletal warrior.
Your centaur warrior zombie kicks the skeletal warrior but does no damage.
The tengu warrior is struck by your spines.
The tengu warrior misses you.
The tengu warrior hits your guardian golem with a +2 vampiric broad axe.
The tengu warrior closely misses you. You block the tengu warrior's attack.
Casting: Call Imp (safe; 1% risk of failure)
Confirm with . or Enter, or press ? or * to list all spells.
You don't have enough magic to cast this spell.
As you read the scroll of fog, it crumbles to dust.
The scroll dissolves into smoke.
You block the boulder beetle's attack.
The tengu warrior hits you with a +2 vampiric broad axe!
The tengu warrior hits your guardian golem but does no damage.
The tengu warrior pecks you but does no damage.
The tengu warrior claws you but does no damage.
Your guardian golem overheats!
The tengu warrior attacks as you move away!
You block the tengu warrior's attack.
The tengu warrior hits your guardian golem with a +2 vampiric broad axe.
Flame seeps out of your guardian golem. You block the tengu warrior's attack.
The tengu warrior claws you.
* * * LOW HITPOINT WARNING * * *
The boulder beetle attacks as you move away!
The boulder beetle is struck by your spines.
The boulder beetle barely misses you.
The boulder beetle curls into a ball and begins rolling!
As you read the scroll of teleportation, it crumbles to dust.
You feel strangely unstable.
The tengu warrior hits you with a +2 vampiric broad axe.
* * * LOW HITPOINT WARNING * * *
A demonic guardian appears!
The tengu warrior hits your guardian golem with a +2 vampiric broad axe!
Flame seeps out of your guardian golem.
The tengu warrior pecks you but does no damage.
The tengu warrior claws you but does no damage.
The boulder beetle hits you!!!
You die...
Kikubaaqudgha rasps: "You have failed me!
Welcome... death!"

...##...### ....
.....)Z..#.....
......Z)l......
###.#.<..#... .(
##.#.8.#..#... ...
#..§§§§..##.. #.8.
##§§§§#####.. #....
##9QB# #.##.....
#§5@§# #§§§.....
###§§#######..W.5...
##..§§###.##zW..#
#.....#...#Wz..##
##.##.#..8WZ...#
#.......#.....##
##......#######
########


You could see a boulder beetle (rolling), a tengu warrior (ally target), a
friendly guardian golem (summoned, inner flame) and a friendly iron imp
(summoned, wandering).

Vanquished Creatures
  A hydra (Lair:3)
  An ugly thing (D:10)
  An elephant (Lair:4)
  2 black mambas
  2 cane toads
  2 komodo dragons (Lair:5)
  A rime drake (Lair:3)
  A freezing wraith (D:12)
  An unseen horror (D:12)
  A hornet (D:9)
  5 blink frogs
  2 slime creatures (D:11)
  A spriggan (Lair:5)
  4 wyverns
  3 yaks (Lair:1)
  A vampire mosquito (D:11)
  A basilisk (Lair:1)
  2 redbacks (Lair:1)
  4 water moccasins
  3 orc warriors
  2 sky beasts (D:7)
  A boggart (Lair:5)
  17 wolves
  4 bullfrogs
  2 kobold brigands
  A gnoll sergeant (D:10)
  4 scorpions
  2 wights (D:9)
  11 killer bees
  A jelly (D:6)
  An electric eel (Lair:3)
  An orc priest (D:10)
  2 hounds
  A sleepcap (D:5)
  An iguana (D:7)
  2 orc wizards
  5 adders
  A gnoll (D:2)
  2 ufetubi
  A worm (Lair:3)
  13 orcs
  6 endoplasms
  A giant cockroach (D:2)
  A goblin (D:3)
  3 hobgoblins
  2 jackals
  2 quokkas
  2 ball pythons (D:3)
  2 bats
  3 frilled lizards
  9 kobolds
  A rat (D:2)
146 creatures vanquished.

Vanquished Creatures (collateral kills)
  Gastronok (D:11)
  Harold (Lair:1)
  A catoblepas (Lair:2)
  A centaur warrior (D:12)
  A hydra (Lair:5)
  3 two-headed ogres
  A death knight (D:12)
  A boulder beetle (Lair:5)
  A skyshark (Lair:4)
  A spriggan rider (Lair:5)
  A lindwurm (Lair:3)
  3 wolf spiders
  A manticore (D:11)
  An elephant (Lair:4)
  Maurice (D:10)
  A cyclops (D:11)
  2 black mambas
  2 torpor snails
  A gargoyle (D:12)
  An orange demon (D:11)
  A rime drake (Lair:3)
  2 cane toads (Lair:4)
  Maggie (Lair:1)
  4 komodo dragons
  2 trolls
  2 merfolk (Lair:3)
  2 polar bears
  11 blink frogs
  2 hornets (Lair:5)
  4 slime creatures
  A jumping spider (Lair:1)
  4 spriggans (Lair:5)
  4 wyverns
  11 yaks
  2 wraiths
  2 basilisks
  A steam dragon (D:9)
  A vampire mosquito (D:11)
  6 water moccasins
  2 acid dragons
  3 orc warriors
  An ogre (D:5)
  8 black bears
  2 sky beasts (D:6)
  17 wolves
  2 boggarts (Lair:5)
  3 centaurs
  9 bullfrogs
  2 scorpions
  4 wights
  2 killer bees (D:8)
  2 howler monkeys
  A nameless horror (D:12)
  5 orc priests
  A hound (D:5)
  A jelly (D:8)
  A sleepcap (D:6)
  4 iguanas
  8 orc wizards
  9 gnolls
  2 adders
  A shadow imp (D:6)
  A white imp (D:8)
  5 worms
  2 dart slugs
  36 orcs
  5 bats
  2 endoplasms (D:1)
  4 giant cockroaches
  5 hobgoblins
  5 jackals
  10 kobolds
  3 quokkas
  6 ball pythons
  3 goblins
  2 rats
268 creatures vanquished.

Vanquished Creatures (others)
  Josephine (Lair:3)
  2 hydras (Lair:5)
  Erolcha (D:9)
  2 two-headed ogres
  2 death yaks
  Urug (D:10)
  Amaemon (D:11)
  A spriggan rider (Lair:5)
  A lindwurm (Lair:3)
  A phantasmal warrior (D:12)
  2 elephants (Lair:4)
  A slime creature (D:11)
  3 cane toads (Lair:5)
  2 black mambas
  A torpor snail (Lair:5)
  A komodo dragon (Lair:5)
  A freezing wraith (D:12)
  A polar bear (Lair:5)
  A hydra zombie (Lair:5)
  A hornet (Lair:5)
  Grinder (D:4)
  A dream sheep (Lair:5)
  5 spriggans (Lair:5)
  4 wraiths
  A slime creature zombie (D:11)
  2 black mamba zombies (Lair:5)
  4 yaks
  A wyvern (Lair:3)
  A basilisk (Lair:4)
  A two-headed ogre zombie (D:12)
  A human zombie (D:12)
  2 water moccasins
  A cane toad zombie (Lair:5)
  A black bear (D:7)
  A hornet zombie (Lair:5)
  A dream sheep zombie (Lair:5)
  2 blink frog zombies (Lair:5)
  A human (D:3)
  A manticore zombie (D:11)
  A boggart (Lair:5)
  7 wolves
  A centaur (D:7)
  An ogre (D:5)
  A torpor snail zombie (Lair:5)
  A scorpion (Lair:3)
  A water moccasin zombie (Lair:5)
  3 wights (D:8)
  2 polar bear zombies (Lair:5)
  A yak zombie (Lair:4)
  6 killer bees (D:8)
  7 spriggan zombies (Lair:5)
  2 howler monkeys (D:9)
  8 wolf zombies (Lair:5)
  A centaur zombie (D:12)
  A hound (D:5)
  A black bear zombie (Lair:5)
  An orc priest (D:6)
  An iguana (D:5)
  2 orc wizards
  2 boggart zombies (Lair:5)
  A howler monkey zombie (D:12)
  An adder (D:5)
  2 orcs
  3 orc zombies (D:12)
  A bush (Lair:3)
  56 fungi
  54 plants
228 creatures vanquished.

Grand Total: 642 creatures vanquished

Notes
Turn   | Place    | Note
-------+----------+-------------------------------------------
     0 | D:1      | dolemite99 the Demonspawn Summoner began the quest for the
                  | Orb.
     0 | D:1      | Reached XP level 1. HP: 13/13 MP: 3/3
   885 | D:1      | Gained mutation: When seriously injured, your blood forms
                  | armour. (AC +9) [demonic ancestry]
   885 | D:1      | Reached XP level 2. HP: 19/19 MP: 1/5
  2218 | D:1      | Reached skill level 5 in Summonings
  2348 | D:2      | Gained mutation: You are partially covered in sharp spines.
                  | [demonic ancestry]
  2348 | D:2      | Reached XP level 3. HP: 24/24 MP: 3/6
  2585 | D:1      | Learned a level 3 spell: Call Canine Familiar
  2588 | D:1      | Learned a level 2 spell: Call Imp
  3022 | D:2      | Found a faded altar of an unknown god.
  3155 | D:2      | Gained mutation: You have sharp fingernails. [demonic
                  | ancestry]
  3155 | D:2      | Reached XP level 4. HP: 19/30 MP: 2/8
  3654 | D:2      | Learned a level 3 spell: Summon Guardian Golem
  3975 | D:3      | Found an ancient bone altar of Kikubaaqudgha.
  3976 | D:3      | Noticed a human
  3978 | D:3      | Killed a human
  3979 | D:3      | Became a worshipper of Kikubaaqudgha
  4664 | D:3      | Reached * piety under Kikubaaqudgha
  4664 | D:3      | Received a gift from Kikubaaqudgha
  5185 | D:4      | Reached XP level 5. HP: 35/35 MP: 4/10
  5202 | D:4      | Learned a level 2 spell: Poisonous Vapours
  5528 | D:4      | Noticed a black bear
  5578 | D:4      | Killed a black bear
  6287 | D:4      | Noticed Grinder
  6305 | D:4      | Reached skill level 1 in Hexes
  6305 | D:4      | Gained mutation: When seriously injured, your blood forms
                  | thick armour. (AC +9) [demonic ancestry]
  6305 | D:4      | Reached XP level 6. HP: 41/41 MP: 12/12
  6572 | D:4      | Found a basalt altar of Yredelemnul.
  6713 | D:5      | Entered Level 5 of the Dungeon
  6907 | D:5      | Found a shadowy altar of Dithmenos.
  7037 | D:5      | Found an ornate altar of the Wu Jian Council.
  7206 | D:5      | Gained mutation: You are mostly covered in sharp spines.
                  | [demonic ancestry]
  7206 | D:5      | Reached XP level 7. HP: 46/46 MP: 8/13
  7325 | D:5      | Found an iron altar of Okawaru.
  7343 | D:5      | Reached skill level 5 in Hexes
  7468 | D:5      | Found a snail-covered altar of Cheibriados.
  7844 | D:5      | Found a broken altar of Ashenzari.
  7947 | D:5      | Reached ** piety under Kikubaaqudgha
  7991 | D:5      | Learned a level 2 spell: Sublimation of Blood
  7993 | D:5      | Learned a level 1 spell: Necrotise
  8301 | D:4      | Paralysed by Grinder for 4 turns
  8320 | D:4      | Killed Grinder
  8321 | D:4      | Reached skill level 3 in Necromancy
  8321 | D:4      | Reached XP level 8. HP: 52/52 MP: 3/14
  8735 | D:6      | Reached skill level 4 in Necromancy
  8838 | D:6      | Found a staircase to the Ecumenical Temple.
  8943 | D:6      | Reached skill level 5 in Necromancy
  9131 | D:6      | Reached skill level 6 in Necromancy
  9141 | D:6      | Reached skill level 7 in Necromancy
  9520 | D:6      | Found a shimmering altar of Xom.
  9569 | D:6      | Found a bloodstained altar of Trog.
  9744 | D:6      | Found a sacrificial altar of Ru.
 10049 | D:7      | Reached skill level 5 in Spellcasting
 10172 | D:7      | Gained mutation: You have very sharp fingernails. [demonic
                  | ancestry]
 10172 | D:7      | Reached XP level 9. HP: 57/57 MP: 11/16
 10589 | D:7      | Noticed a two-headed ogre
 10598 | D:7      | Killed a two-headed ogre
 10988 | D:7      | Reached skill level 5 in Poison Magic
 11065 | D:7      | Found Oqeawuid's Fire Supplies.
 11093 | D:7      | Bought a +1 pair of gloves of fire resistance for 231 gold
                  | pieces
 11105 | D:7      | Bought a +0 robe of fire resistance for 107 gold pieces
 12609 | D:8      | Reached *** piety under Kikubaaqudgha
 12609 | D:8      | Received a gift from Kikubaaqudgha
 12623 | D:8      | Reached skill level 1 in Air Magic
 12623 | D:8      | Gained mutation: You are completely covered in sharp
                  | spines. [demonic ancestry]
 12623 | D:8      | Reached XP level 10. HP: 34/63 MP: 9/17
 13214 | D:8      | Learned a level 4 spell: Summon Lightning Spire
 13543 | D:9      | Noticed Erolcha
 13563 | D:9      | Killed Erolcha
 13564 | D:9      | Reached skill level 1 in Fighting
 13925 | D:9      | Noticed a two-headed ogre
 13932 | D:9      | Killed a two-headed ogre
 13933 | D:9      | Reached skill level 5 in Air Magic
 15023 | D:9      | Identified the +6 shortbow "Reuptiopt" {speed, rC+ rCorr}
 15025 | D:9      | Reached **** piety under Kikubaaqudgha
 16022 | D:10     | Entered Level 10 of the Dungeon
 16022 | D:10     | Noticed a purple ugly thing
 16112 | D:10     | Noticed a +0 hand axe
 16114 | D:10     | Found a hide-covered altar of Uskayaw.
 16114 | D:10     | Noticed a +0 dagger
 16667 | D:10     | Noticed Urug
 16696 | D:10     | Noticed a death yak
 17115 | D:10     | Noticed Maurice
 17118 | D:10     | Paralysed by Maurice for 3 turns
 17126 | D:10     | Killed Maurice
 17127 | D:10     | Reached XP level 11. HP: 78/78 MP: 11/18
 17148 | D:10     | Reached skill level 5 in Fighting
 17165 | D:10     | Killed a purple ugly thing
 17385 | D:10     | Found a staircase to the Orcish Mines.
 17634 | D:10     | Killed a death yak
 17676 | D:10     | Killed Urug
 17765 | D:10     | Reached ***** piety under Kikubaaqudgha
 18185 | D:10     | Found a shimmering blue altar of Sif Muna.
 18195 | D:10     | Found a staircase to the Lair.
 18205 | D:10     | Noticed a two-headed ogre
 18228 | D:10     | Killed a two-headed ogre
 18647 | D:10     | Found an opulent altar of Gozag.
 18874 | D:10     | Learned a level 2 spell: Blink
 18918 | Lair:1   | Entered Level 1 of the Lair of Beasts
 18971 | Lair:1   | Reached skill level 1 in Shields
 19029 | Lair:1   | Noticed Maggie
 19046 | Lair:1   | Killed Maggie
 20293 | Lair:1   | Reached skill level 5 in Shields
 21173 | Lair:1   | Found a runed translucent door.
 21178 | Lair:1   | Found the +5 demon whip "Spellbinder" {antimagic, disrupt,
                  | Will+}
 21191 | Lair:1   | Noticed a wolf spider
 21202 | Lair:1   | Killed a wolf spider
 21515 | Lair:1   | Found a runed translucent gate.
 21515 | Lair:1   | Found a runed translucent gate.
 21515 | Lair:1   | Found a runed translucent gate.
 21515 | Lair:1   | Found a runed translucent gate.
 21516 | Lair:1   | Found a runed translucent gate.
 21516 | Lair:1   | Noticed a boulder beetle
 21720 | Lair:2   | Noticed Harold
 21775 | Lair:1   | Killed Harold
 21776 | Lair:1   | Reached XP level 12. HP: 85/92 MP: 12/19
 22697 | Lair:2   | Noticed a catoblepas
 22721 | Lair:2   | Killed a catoblepas
 23602 | Lair:3   | Noticed Josephine
 23613 | Lair:3   | Killed Josephine
 24117 | Lair:3   | Noticed a five-headed hydra
 24131 | Lair:3   | Killed a five-headed hydra
 24515 | Lair:3   | Found a hole to the Spider Nest.
 24613 | Lair:3   | Learned a level 4 spell: Animate Dead
 24660 | Lair:3   | Reached skill level 8 in Necromancy
 25009 | Lair:3   | Found a staircase to the Shoals.
 25578 | Lair:4   | Found a staircase to the Slime Pits.
 25579 | Lair:4   | You fall into a shaft and drop 1 floor!
 25579 | Lair:5   | Entered Level 5 of the Lair of Beasts
 26064 | Lair:4   | Gained mutation: A weak demonic guardian rushes to your
                  | aid. [demonic ancestry]
 26064 | Lair:4   | Reached XP level 13. HP: 98/98 MP: 15/23
 26411 | Lair:4   | Reached skill level 9 in Necromancy
 26687 | Lair:4   | Reached ****** piety under Kikubaaqudgha
 27371 | Lair:5   | Reached skill level 10 in Necromancy
 28055 | Lair:5   | Reached skill level 11 in Necromancy
 28339 | Lair:5   | Reached skill level 10 in Summonings
 28787 | Lair:5   | Identified the ring "Maeme" {Will- rCorr Str+2 Int+2 SInv}
 28931 | Lair:5   | Reached skill level 12 in Necromancy
 29769 | Lair:5   | Gained mutation: You have claws for hands. [demonic
                  | ancestry]
 29769 | Lair:5   | Reached XP level 14. HP: 103/105 MP: 10/24
 30680 | D:7      | Bought a +1 rapier of flaming for 198 gold pieces
 30681 | D:7      | Identified a +3 rapier of pain (a +1 rapier of flaming
                  | bloodied by Kikubaaqudgha)
 30681 | D:7      | Received a gift from Kikubaaqudgha
 30830 | D:7      | Learned a level 4 spell: Olgreb's Toxic Radiance
 31421 | D:11     | Noticed Gastronok
 31429 | D:11     | Killed Gastronok
 32012 | D:11     | Noticed Amaemon
 32052 | D:11     | Killed Amaemon
 32355 | D:11     | Reached skill level 1 in Short Blades
 33408 | D:12     | Mangled by a boulder beetle

Illustrated notes

Levels and vault maps discovered:
D:1:      minmay_arrival_solitary_statue, layout_loops_ring, minmay_cupped
D:2:      layout_loops_ring, hellmonk_ecumenical_altar_pennies_from_heaven
D:3:      layout_basic, tgw_kikubaaqudgha, kennysheep_path_1
D:4:      layout_loops_ring, lemuel_doored_altar, grunt_ministairs_4,
          nicolae_zen_rock_garden, uniq_grinder
D:5:      layout_loops_corners, ashenzari_altar_1,
          mainiacjoe_overflow_small_starburst, okawaru_ov_weapons_minmay,
          mainiacjoe_overflow_alcove_2, marbit_many_paths,
          nzn_wu_jian_council_hall
D:6:      layout_rooms, hangedman_ru_absence, mainiacjoe_overflow_two_lobes,
          temple_green
D:7:      layout_basic, nicolae_shop_fire_sale [nicolae_sub_dead_trees]
D:8:      layout_rooms
D:9:      layout_loops_ring, serial_aquarium, aquarium_bridge_straight
          [aquarium_subvault_bridge, aquarium_subvault_window,
          aquarium_subvault_bridge, aquarium_subvault_window],
          aquarium_bridge_square [aquarium_subvault_bridge,
          aquarium_subvault_bridge, aquarium_subvault_bridge,
          aquarium_subvault_bridge], aquarium_window_corridor_2,
          aquarium_window_corner, aquarium_view_2d, uniq_erolcha
D:10:     layout_basic, mainiacjoe_overflow_six_doors_small,
          nicolae_gozag_cash_rules_everything_around_me,
          dancing_weapons_uskayaw, mainiacjoe_overflow_alcove_4,
          david_lair_generic, hiddenorc2_lemuel, st_stairs_14, uniq_maurice,
          uniq_urug
D:11:     layout_roguey, eino_curves_03, dreamdust_princess_bridge,
          uniq_amaemon, uniq_gastronok
D:12:     minmay_curly_fans, layout_cave_pools, st_stairs_1,
          nicolae_dithmenos_the_darkroom
Lair:1:   gammafunk_indiana_jones, layout_chaotic_city, grunt_megastairs_5,
          uniq_maggie
Lair:2:   layout_roguey, enter_volcano_2, uniq_harold
Lair:3:   layout_loops_ring, elwin_shoals_entry_rooms,
          nicolae_spider_entry_non_spiders, nicolae_lair_lindhole,
          uniq_josephine
Lair:4:   layout_regular_city, slime_entry_1
Lair:5:   minmay_lair_end_enchanted_forest, layout_cave_pods,
          nicolae_lair_run_with_the_wolves, grunt_megastairs_1

Skill      XL: |  1  2  3  4  5  6  7  8  9 10 11 12 13 14 |
---------------+-------------------------------------------+-----
Summonings     | 5 6 7 10 11 | 11.3
Spellcasting   | 3 4 5 7 |  7.3
Hexes          | 1 4 5 |  5.5
Necromancy     | 3 7 8 12 | 12.7
Poison Magic   | 7 |  7.9
Air Magic      | 1 7 |  7.0
Fighting       | 4 8 |  8.0
Dodging        | 3 |  3.2
Shields        | 6 9 |  9.7
Short Blades   | 4 |  4.7
Stealth        | |  1.7

Action                     |  1- 3 |  4- 6 |  7- 9 | 10-12 | 13-15 || total
---------------------------+-------+-------+-------+-------+-------++-------
  Melee: Dagger            |    18 |       |       |       |       ||    18
         Unarmed           |     3 |       |       |       |       ||     3
         Short sword       |    21 |       |       |       |       ||    21
         Whip              |     3 |    39 |    52 |   131 |    82 ||   307
         Punch             |       |       |     3 |       |       ||     3
         Rapier            |       |       |       |       |    15 ||    15
   Fire: Sling             |     1 |       |       |       |       ||     1
  Throw: Boomerang         |       |       |       |    64 |    28 ||    92
   Cast: Summon Small Mamm |    48 |     9 |     2 |     1 |       ||    60
         Call Canine Famil |     4 |    18 |    42 |    30 |    24 ||   118
         Call Imp          |     4 |    17 |    31 |    33 |    37 ||   122
         Summon Guardian G |       |     3 |    26 |    49 |    45 ||   123
         Sublimation of Bl |       |       |     6 |    19 |       ||    25
         Poisonous Vapours |       |       |     1 |    22 |       ||    23
         Necrotise         |       |       |     1 |       |       ||     1
         Summon Lightning  |       |       |       |    86 |    39 ||   125
         Animate Dead      |       |       |       |     1 |    12 ||    13
 Invoke: Unearth Wretches  |       |       |       |     1 |       ||     1
         Brand Weapon With |       |       |       |       |     1 ||     1
  Evoke: Wand              |       |       |     6 |    11 |     4 ||    21
    Use: Potion            |     1 |       |     2 |     3 |     2 ||     8
         Scroll            |       |     7 |     6 |    14 |     7 ||    34
   Stab: Sleeping          |     1 |     2 |       |     1 |       ||     4
         Distracted        |     1 |       |       |     3 |     2 ||     6
         Paralysed         |       |       |       |     1 |       ||     1
 Armour: Robe              |    23 |    23 |    56 |    17 |       ||   119
         Troll leather arm |       |       |       |    79 |    81 ||   160
  Dodge: Dodged            |    75 |    24 |    58 |   154 |    84 ||   395
  Block: Kite shield       |       |       |       |    77 |   154 ||   231

Table legend: (Time is in decaauts)
 A = Elapsed time spent in this place.
 B = Non-inter-level travel time spent in this place.
 C = Inter-level travel time spent in this place.
 D = Time resting spent in this place.
 E = Time spent auto-exploring this place.
 F = Levels seen in this place.
 G = Mean time per level.
                   A        B        C        D        E       F      G
               +--------+--------+--------+--------+--------+-----+--------+
         Total |  33563 |  32421 |   1142 |  15499 |  10977 |  17 | 1974.3 |
       Dungeon |  21799 |  20950 |    849 |  10140 |   7017 |  12 | 1816.6 |
          Lair |  11764 |  11472 |    292 |   5359 |   3960 |   5 | 2352.8 |
               +--------+--------+--------+--------+--------+-----+--------+

Top non-repeatable levels by time:
  Lair:1: 3310 daAuts
  Lair:5: 3176 daAuts
     D:9: 2988 daAuts
    D:10: 2616 daAuts
     D:1: 2583 daAuts
     D:7: 2438 daAuts
    D:11: 2269 daAuts
  Lair:4: 2040 daAuts
     D:4: 2038 daAuts
  Lair:3: 2000 daAuts
     D:5: 1828 daAuts
     D:2: 1376 daAuts
     D:8: 1282 daAuts
  Lair:2: 1236 daAuts
     D:3: 1168 daAuts
